 Dungeon Crawl Stone Soup version 0.16-a0-324-g99bef82 (webtiles) character file.

132 Mindmaker the Cudgeler (level 5, 41/59 HPs)
             Began as an Ogre Chaos Knight on Sept 2, 2014.
             Was a Plaything of Xom.
             Quit the game on Level 4 of the Dungeon.
             The game lasted 00:10:29 (2524 turns).

Mindmaker the Cudgeler (Ogre Chaos Knight)          Turns: 2524, Time: 00:10:29

HP  41/59        AC  6     Str 17      XL: 5   Next: 15%
MP   5/5         EV 10     Int 11      God: Xom
Gold 121         SH  0     Dex 10      Spells:  0 memorised,  4 levels left

rFire  . . .     SeeInvis .     a - +1 mace (chaos)
rCold  . . .     Clarity  .     b - +2 robe
rNeg   + . .     rCorr    .     (shield restricted)
rPois  .         rRot     .     (helmet restricted)
rElec  .         Spirit   .     k - +0 cloak {MR+}
SustAb .         Warding  +     (gloves unavailable)
rMut   .         Stasis   .     (boots unavailable)
Gourm  .                        e - amulet of warding
MR     +....                    (no ring)
                                m - cursed -3 ring of slaying

@: somewhat resistant to hostile enchantments, very unstealthy
A: unfitting armour, robust 1, tough skin 1
a: Renounce Religion


You were on level 4 of the Dungeon.
You worshipped Xom.
You were a plaything of Xom.
You were not hungry.

You visited 1 branch of the dungeon, and saw 4 of its levels.

You collected 121 gold pieces.

Inventory:

Hand weapons
 a - a +1 mace of chaos (weapon)
Missiles
 l - 3 javelins (quivered)
Armour
 b - a +2 robe (worn)
 k - a +0 cloak of magic resistance (worn)
Magical devices
 h - a wand of magic darts (12)
Comestibles
 c - 5 meat rations
 d - 2 slices of pizza
 f - 2 rotting chunks of gnoll flesh
 g - 2 bread rations
 n - a beef jerky
 o - a rotting chunk of giant gecko flesh
Scrolls
 p - a scroll of identify
 q - a scroll of remove curse
Jewellery
 e - an amulet of warding (around neck)
 i - an uncursed ring of teleport control
 m - a cursed -3 ring of slaying (left hand)
Potions
 j - a potion of curing


   Skills:
 - Level 4.0 Fighting
 - Level 7.1 Maces & Flails
 + Level 2.6 Dodging


You had 4 spell levels left.
You didn't know any spells.

Dungeon Overview and Level Annotations

Branches:
Dungeon (4/15)
 Temple: D:4-7

Altars:
Nemelex Xobeh


Innate Abilities, Weirdness & Mutations

You are too large for most types of armour.
You have tough skin (AC +1).
You are robust (+10% HP).


Message History

You feel robust.
There is an open door here.
Things that are here:
an uncursed ring of loudness; a scroll of random uselessness
There is an open door here.
There is a stone staircase leading down here.
Done exploring.
Unknown command.
Done exploring.
Search for what [Enter for "."]? .
(D) Dungeon
Where to? (Enter - D:3, ? - help)
What level of the Dungeon? (default 1, ? - help)
There is a stone staircase leading down here.
You climb downwards.
A worm and a goblin come into view.
The goblin shouts!
Found a bubbling cyan potion.
Found a stone staircase leading down.
There is a stone staircase leading up here.
Are you sure you want to abandon this character and quit the game? (Confirm with "yes".)

..# ####.#.#
........###
...........
...........
..........#
..........#
.....g.....#
#....w..@..#
#..........#
....>..!..#
####.###..#
... ..# ...
..# # #.# .#


You could see a worm and a goblin.

Vanquished Creatures
  Jessica (D:2)
  A gnoll (D:3)
  3 adders (D:3)
  2 worms
  2 giant geckos
  An ooze (D:2)
  4 orcs (D:3)
  2 giant cockroaches (D:3)
  A goblin (D:2)
  6 hobgoblins
  2 ball pythons (D:3)
  12 bats
  7 giant newts
  9 kobolds
  8 rats
61 creatures vanquished.

Notes
Turn   | Place    | Note
--------------------------------------------------------------
     0 | D:1      | Mindmaker, the Ogre Chaos Knight, began the quest for the Orb.
     0 | D:1      | Reached XP level 1. HP: 24/24 MP: 1/1
   156 | D:1      | Reached XP level 2. HP: 29/32 MP: 2/2
   294 | D:1      | Reached skill level 5 in Maces & Flails
   420 | D:1      | XOM: harmless Divn miscast
   552 | D:1      | Reached XP level 3. HP: 9/39 MP: 3/3
   985 | D:2      | Noticed Jessica
  1005 | D:2      | XOM: silly message
  1009 | D:2      | HP: 1/39 [Jessica/wand of magic darts (7)]
  1011 | D:2      | Killed Jessica
  1011 | D:2      | Reached skill level 6 in Maces & Flails
  1011 | D:2      | Reached XP level 4. HP: 1/48 MP: 4/4
  1048 | D:2      | XOM: divination: magic mapping
  1348 | D:2      | Found a sparkling altar of Nemelex Xobeh.
  1504 | D:2      | XOM: silly message
  1561 | D:2      | XOM: god gift: beef jerky
  1739 | D:3      | XOM: divination: detect items
  1887 | D:3      | XOM: god gift: runed cloak {god gift}
  1896 | D:3      | XOM: 5-stop teleportation journey
  1906 | D:3      | XOM: god gift: bread ration
  1962 | D:3      | XOM: colour smoke trail
  2015 | D:3      | XOM: cast spell 'Metabolic Englaciation'
  2025 | D:3      | Reached skill level 7 in Maces & Flails
  2030 | D:3      | XOM: 2-stop teleportation journey
  2083 | D:3      | XOM: medium Hex miscast
  2208 | D:3      | Reached XP level 5. HP: 38/54 MP: 5/5
  2296 | D:3      | XOM: medium Fire miscast
  2447 | D:3      | XOM: give mutation
  2447 | D:3      | Gained mutation: You are robust (+10% HP). [Xom's mischief]
  2524 | D:4      | Quit the game

Action                   |  1- 3 |  4- 6 || total
-------------------------+-------+-------++-------
Melee: Mace              |   109 |   111 ||   220
  Use: Potion            |     1 |       ||     1
       Scroll            |       |     5 ||     5
 Stab: Confused          |       |     1 ||     1
  Eat: Chunk             |       |     5 ||     5
